[ AOE2 MATCH · #476093340 ]
UnrankedAztecs vs Vietnamese
[ REPLAY ANALYSIS · EXTRACTED FROM THE RECORDED GAME ]
Feudal
13:14
Castle
24:32
Imperial
32:04
| APM avg | 19.3 |
| APM peak | 150 |
| eAPM avg | 13.3 |
| Villagers / military | 93 / 611 |
Focus
⚔️ 44.5% · 🌾 55.5%
Skirmisher ×406 · Jaguar Warrior ×83 · Spearman ×61 · Trade Cog ×42 · Trebuchet (Packed) ×33 · Genitour ×14
Feudal
12:59
Castle
18:29
Imperial
32:49
| APM avg | 20.3 |
| APM peak | 49 |
| eAPM avg | 16.7 |
| Villagers / military | 126 / 607 |
Focus
⚔️ 51.0% · 🌾 49.0%
Spearman ×243 · Skirmisher ×151 · Scout Cavalry ×146 · Rattan Archer ×17 · Battle Elephant ×17 · Knight ×14
Feudal
—
Castle
—
Imperial
—
| APM avg | 16.9 |
| APM peak | 76 |
| eAPM avg | 13.4 |
| Villagers / military | 114 / 154 |
Focus
⚔️ 36.4% · 🌾 63.6%
Ballista Elephant ×76 · Knight ×42 · Trade Cog ×33 · Mangonel ×13 · Cavalry Archer ×9 · Trebuchet (Packed) ×9
Feudal
20:01
Castle
29:24
Imperial
52:17
| APM avg | 12.6 |
| APM peak | 48 |
| eAPM avg | 8.6 |
| Villagers / military | 64 / 283 |
Focus
⚔️ 47.9% · 🌾 52.1%
Spearman ×160 · Militia ×87 · Organ Gun ×11 · Archer ×10 · Fishing Ship ×9 · Fire Galley ×6
Feudal
13:35
Castle
22:37
Imperial
41:54
| APM avg | 14.4 |
| APM peak | 84 |
| eAPM avg | 12.6 |
| Villagers / military | 167 / 317 |
Focus
⚔️ 26.6% · 🌾 73.4%
Spearman ×148 · Knight ×99 · Galley ×39 · Scout Cavalry ×20 · Fishing Ship ×7 · Unknown (2626) ×5
Feudal
—
Castle
—
Imperial
—
| APM avg | 11.6 |
| APM peak | 36 |
| eAPM avg | 10.1 |
| Villagers / military | 114 / 321 |
Focus
⚔️ 52.6% · 🌾 47.4%
Spearman ×189 · Teutonic Knight ×86 · Mangonel ×26 · Bombard Cannon ×9 · Scorpion ×7 · Fishing Ship ×3
Feudal
—
Castle
—
Imperial
—
| APM avg | 15.6 |
| APM peak | 54 |
| eAPM avg | 11.8 |
| Villagers / military | 178 / 189 |
Focus
⚔️ 45.8% · 🌾 54.2%
Scout Cavalry ×106 · Scorpion ×47 · Knight ×10 · Spearman ×8 · Battering Ram ×7 · Trebuchet (Packed) ×7
Feudal
12:49
Castle
24:19
Imperial
59:37
| APM avg | 40.9 |
| APM peak | 105 |
| eAPM avg | 24.2 |
| Villagers / military | 189 / 377 |
Focus
⚔️ 37.9% · 🌾 62.1%
Scout Cavalry ×177 · Knight ×116 · Battering Ram ×36 · Konnik ×25 · Militia ×18 · Fishing Ship ×6
Match map
Initial resources + every placement click. Lines = walls · curves = elevation contours. ◆ gold · ⬟ stone · ● berries · ✦ relic · ◌ wall gap
Your base· ✓ Map-separated
F o r k B e a r d's base· ✓ Map-separated
Juhlyana13's base· ✓ Map-separated
Burger King's base· ✓ Map-separated
Professor_DODO's base· ✓ Map-separated
M1ss3dTh3K1ll's base· ✓ Map-separated
c ya1985's base· ✓ Map-separated
Thorfinn's base· ✓ Map-separated
Smoothed initial terrain · ◌ = detected wall gap · hover for details
Inputs per minute
— SherlockLopez Arg. - - F o r k B e a r d
Build order — SherlockLopez Arg.
First 150 of 537 actions detected
| 0:03 | Research | Loom |
| 0:04 | Create | Villager (Male) ×4 |
| 0:05 | Create | Villager (Male) ×4 |
| 0:11 | Build | House |
| 1:41 | Create | Villager (Male) |
| 1:41 | Create | Villager (Male) |
| 2:16 | Build | House |
| 2:35 | Create | Villager (Male) |
| 2:36 | Create | Villager (Male) |
| 3:11 | Build | Lumber Camp |
| 3:20 | Create | Villager (Male) |
| 3:20 | Create | Villager (Male) |
| 3:20 | Create | Villager (Male) |
| 3:37 | Create | Villager (Male) |
| 3:38 | Create | Villager (Male) |
| 4:17 | Create | Villager (Male) |
| 4:17 | Create | Villager (Male) |
| 4:47 | Build | House |
| 4:51 | Create | Villager (Male) |
| 4:51 | Create | Villager (Male) |
| 5:18 | Create | Villager (Male) |
| 5:18 | Create | Villager (Male) |
| 5:29 | Build | Dock |
| 5:32 | Create | Villager (Male) |
| 5:32 | Create | Villager (Male) |
| 6:02 | Build | House |
| 6:07 | Create | Villager (Male) |
| 6:07 | Create | Villager (Male) |
| 6:51 | Create | Villager (Male) |
| 7:06 | Build | House |
| 7:08 | Create | Villager (Male) |
| 7:08 | Create | Villager (Male) |
| 7:17 | Create | Transport Ship |
| 7:26 | Create | Villager (Male) |
| 7:26 | Create | Villager (Male) |
| 8:16 | Create | Villager (Male) |
| 8:16 | Create | Villager (Male) |
| 8:25 | Build | Mill |
| 9:30 | Build | Lumber Camp |
| 9:36 | Create | Villager (Male) |
| 9:37 | Create | Villager (Male) |
| 9:45 | Build | House |
| 11:04 | Research | Feudal Age |
| 11:27 | Build | Mining Camp |
| 11:39 | Build | Mining Camp |
| 12:03 | Create | Villager (Male) |
| 12:03 | Create | Villager (Male) |
| 13:04 | Build | Palisade Wall |
| 13:10 | Build | Palisade Gate |
| 13:14 | Age | Feudal Age |
| 13:30 | Create | Villager (Male) |
| 13:30 | Create | Villager (Male) |
| 13:33 | Research | Gold Mining |
| 13:37 | Research | Double-Bit Axe |
| 14:03 | Build | Palisade Wall |
| 14:30 | Create | Villager (Male) |
| 14:30 | Create | Villager (Male) |
| 15:06 | Build | House |
| 15:12 | Create | Villager (Male) |
| 15:12 | Create | Villager (Male) |
| 15:39 | Build | Palisade Wall |
| 15:44 | Create | Villager (Male) |
| 15:45 | Create | Villager (Male) |
| 16:07 | Build | Gate |
| 16:12 | Build | Stone Wall |
| 16:33 | Build | Lumber Camp |
| 16:54 | Build | House |
| 16:58 | Research | Stone Mining |
| 17:02 | Research | Horse Collar |
| 17:10 | Build | House |
| 17:14 | Build | House |
| 17:56 | Build | House |
| 18:06 | Build | Blacksmith |
| 18:13 | Build | Market |
| 18:27 | Build | Mill |
| 18:34 | Build | Farm |
| 18:35 | Build | Farm |
| 18:38 | Build | Farm |
| 18:40 | Build | Farm |
| 18:41 | Build | Farm |
| 18:42 | Build | Farm |
| 18:58 | Create | Fishing Ship |
| 18:58 | Create | Fishing Ship |
| 18:59 | Create | Fishing Ship |
| 18:59 | Create | Fishing Ship |
| 19:26 | Build | Farm |
| 19:32 | Build | Farm |
| 19:45 | Build | Farm |
| 19:54 | Create | Villager (Male) |
| 19:54 | Create | Villager (Male) |
| 20:45 | Create | Villager (Male) |
| 20:46 | Create | Villager (Male) |
| 20:52 | Build | Farm |
| 21:07 | Research | Tech 906 |
| 21:08 | Create | Fishing Ship |
| 21:08 | Create | Fishing Ship |
| 21:38 | Build | Dock |
| 21:52 | Research | Castle Age |
| 21:58 | Build | Farm |
| 22:05 | Build | Farm |
| 22:20 | Create | Villager (Male) |
| 22:21 | Create | Villager (Male) |
| 22:24 | Create | Fishing Ship |
| 22:25 | Create | Fishing Ship |
| 23:03 | Build | Barracks |
| 23:24 | Create | Fishing Ship |
| 23:24 | Create | Fishing Ship |
| 23:54 | Create | Villager (Male) |
| 23:55 | Create | Villager (Male) |
| 24:20 | Create | Fishing Ship |
| 24:32 | Age | Castle Age |
| 24:36 | Research | Gillnets |
| 24:39 | Create | Villager (Male) |
| 24:39 | Create | Villager (Male) |
| 24:54 | Build | Town Center |
| 25:54 | Build | House |
| 26:02 | Build | University |
| 26:18 | Build | House |
| 26:25 | Research | Bow Saw |
| 26:37 | Build | Dock |
| 26:56 | Create | Villager (Male) |
| 27:04 | Build | Lumber Camp |
| 27:11 | Research | Heavy Plow |
| 27:43 | Build | Monastery |
| 27:46 | Create | Villager (Male) |
| 27:46 | Create | Villager (Male) |
| 27:56 | Research | Wheelbarrow |
| 28:11 | Create | Trade Cog |
| 28:44 | Build | Gate |
| 28:52 | Create | Monk |
| 28:54 | Research | Imperial Age |
| 28:56 | Create | Villager (Male) |
| 28:56 | Create | Villager (Male) |
| 29:04 | Build | Lumber Camp |
| 29:10 | Create | Villager (Male) |
| 29:23 | Build | Archery Range |
| 29:27 | Research | Eagle Warrior (upgrade) |
| 29:28 | Research | Squires |
| 29:38 | Research | Forging |
| 29:39 | Research | Scale Mail Armor |
| 29:48 | Create | Villager (Male) |
| 29:49 | Create | Villager (Male) |
| 29:55 | Build | Town Center |
| 30:17 | Build | Barracks |
| 30:21 | Build | Archery Range |
| 30:34 | Build | House |
| 30:37 | Build | House |
| 30:40 | Build | House |
| 30:43 | Build | House |
| 30:47 | Build | House |
Build order — F o r k B e a r d
First 150 of 808 actions detected
| 0:02 | Create | Villager (Male) |
| 0:02 | Create | Villager (Male) |
| 0:04 | Build | House |
| 0:06 | Build | House |
| 0:11 | Create | Villager (Male) |
| 0:11 | Create | Villager (Male) |
| 1:33 | Create | Villager (Male) |
| 2:15 | Create | Villager (Male) |
| 2:16 | Create | Villager (Male) |
| 2:53 | Create | Villager (Male) |
| 3:13 | Create | Villager (Male) |
| 3:43 | Create | Villager (Male) |
| 3:43 | Create | Villager (Male) |
| 3:50 | Build | House |
| 3:51 | Build | House |
| 3:54 | Build | House |
| 3:56 | Build | House |
| 4:00 | Build | House |
| 4:09 | Create | Villager (Male) |
| 4:09 | Create | Villager (Male) |
| 4:13 | Build | Mill |
| 4:42 | Create | Villager (Male) |
| 4:42 | Create | Villager (Male) |
| 5:14 | Build | Lumber Camp |
| 5:22 | Create | Villager (Male) |
| 5:22 | Create | Villager (Male) |
| 5:49 | Create | Villager (Male) |
| 5:49 | Create | Villager (Male) |
| 6:20 | Create | Villager (Male) |
| 6:25 | Build | House |
| 6:31 | Create | Villager (Male) |
| 6:31 | Create | Villager (Male) |
| 6:39 | Create | Villager (Male) |
| 6:57 | Create | Villager (Male) |
| 7:37 | Create | Villager (Male) |
| 7:46 | Build | Dock |
| 7:54 | Create | Villager (Male) |
| 8:34 | Create | Fishing Ship |
| 8:35 | Create | Fishing Ship |
| 9:06 | Create | Villager (Male) |
| 9:09 | Create | Villager (Male) |
| 9:24 | Build | Mining Camp |
| 9:41 | Create | Fishing Ship |
| 9:58 | Create | Villager (Male) |
| 10:21 | Create | Fishing Ship |
| 10:29 | Research | Loom |
| 10:35 | Research | Feudal Age |
| 10:47 | Build | Mill |
| 11:45 | Create | Fishing Ship |
| 12:22 | Build | Lumber Camp |
| 12:29 | Create | Villager (Male) |
| 12:29 | Create | Villager (Male) |
| 12:29 | Create | Villager (Male) |
| 12:30 | Create | Villager (Male) |
| 12:42 | Create | Fishing Ship |
| 12:59 | Age | Feudal Age |
| 13:12 | Build | Market |
| 13:48 | Create | Transport Ship |
| 14:35 | Build | Blacksmith |
| 14:39 | Create | Villager (Male) |
| 15:49 | Research | Castle Age |
| 16:29 | Build | Lumber Camp |
| 16:34 | Build | House |
| 16:42 | Build | House |
| 16:44 | Build | House |
| 16:55 | Research | Wheelbarrow |
| 16:57 | Research | Double-Bit Axe |
| 17:12 | Build | Farm |
| 17:22 | Build | Dock |
| 17:35 | Build | Lumber Camp |
| 17:55 | Build | House |
| 18:13 | Build | Barracks |
| 18:29 | Age | Castle Age |
| 19:00 | Build | Castle |
| 19:09 | Create | Villager (Male) |
| 19:10 | Create | Villager (Male) |
| 19:10 | Create | Villager (Male) |
| 19:21 | Build | Farm |
| 19:41 | Build | Fish Trap |
| 19:42 | Build | Fish Trap |
| 19:43 | Build | Fish Trap |
| 19:44 | Build | Fish Trap |
| 19:45 | Build | Fish Trap |
| 20:00 | Create | Villager (Male) |
| 20:05 | Build | Farm |
| 20:39 | Build | Farm |
| 20:41 | Create | Villager (Male) |
| 21:07 | Build | Town Center |
| 21:17 | Build | Town Center |
| 21:19 | Create | Villager (Male) |
| 21:20 | Create | Villager (Male) |
| 21:24 | Build | Farm |
| 21:32 | Create | Villager (Male) |
| 21:32 | Create | Villager (Male) |
| 21:41 | Build | Farm |
| 21:44 | Create | Villager (Male) |
| 21:44 | Create | Villager (Male) |
| 21:47 | Build | Farm |
| 21:56 | Create | Rattan Archer |
| 21:59 | Create | Rattan Archer |
| 22:02 | Create | Rattan Archer |
| 22:23 | Create | Rattan Archer |
| 22:24 | Create | Rattan Archer |
| 22:29 | Build | Farm |
| 22:31 | Create | Villager (Male) |
| 22:31 | Create | Villager (Male) |
| 23:04 | Build | Farm |
| 23:06 | Build | Farm |
| 23:08 | Create | Villager (Male) |
| 23:09 | Create | Villager (Male) |
| 23:26 | Create | Villager (Male) |
| 23:27 | Create | Villager (Male) |
| 24:08 | Create | Rattan Archer |
| 24:09 | Create | Rattan Archer |
| 24:09 | Create | Rattan Archer |
| 24:13 | Create | Rattan Archer |
| 24:13 | Create | Rattan Archer |
| 24:25 | Create | Villager (Male) |
| 24:25 | Create | Villager (Male) |
| 24:26 | Create | Villager (Male) |
| 24:39 | Build | Farm |
| 24:41 | Build | Farm |
| 24:43 | Build | Farm |
| 24:46 | Build | Farm |
| 24:49 | Build | Farm |
| 26:36 | Build | Monastery |
| 26:49 | Build | University |
| 27:04 | Create | Villager (Male) |
| 27:04 | Create | Villager (Male) |
| 27:04 | Create | Villager (Male) |
| 27:04 | Create | Villager (Male) |
| 27:05 | Create | Villager (Male) |
| 27:05 | Create | Villager (Male) |
| 27:05 | Create | Villager (Male) |
| 27:16 | Build | Castle |
| 27:28 | Build | Farm |
| 27:30 | Create | Villager (Male) |
| 27:31 | Create | Villager (Male) |
| 28:14 | Build | House |
| 28:16 | Build | House |
| 28:17 | Build | House |
| 29:34 | Build | Archery Range |
| 29:36 | Build | Archery Range |
| 29:39 | Research | Imperial Age |
| 29:40 | Research | Hand Cart |
| 29:45 | Research | Heated Shot |
| 29:47 | Research | Murder Holes |
| 30:00 | Create | Villager (Male) |
| 30:00 | Create | Villager (Male) |
| 30:00 | Create | Villager (Male) |
Build order — Juhlyana13
First 150 of 451 actions detected
| 0:05 | Build | House |
| 0:08 | Build | House |
| 0:13 | Create | Villager (Male) |
| 0:14 | Create | Villager (Male) |
| 0:14 | Create | Villager (Male) |
| 0:14 | Create | Villager (Male) |
| 0:14 | Create | Villager (Male) |
| 1:44 | Create | Villager (Male) |
| 2:19 | Create | Villager (Male) |
| 2:53 | Create | Villager (Male) |
| 2:53 | Create | Villager (Male) |
| 3:32 | Build | Mill |
| 3:43 | Build | House |
| 4:04 | Create | Villager (Male) |
| 4:05 | Create | Villager (Male) |
| 4:05 | Create | Villager (Male) |
| 4:43 | Research | Loom |
| 4:44 | Create | Villager (Male) |
| 5:11 | Build | Dock |
| 5:44 | Create | Villager (Male) |
| 5:44 | Create | Villager (Male) |
| 6:32 | Create | Villager (Male) |
| 6:45 | Create | Transport Ship |
| 7:07 | Build | House |
| 7:31 | Create | Villager (Male) |
| 7:59 | Create | Villager (Male) |
| 8:12 | Build | Lumber Camp |
| 8:20 | Create | Villager (Male) |
| 8:45 | Create | Villager (Male) |
| 9:16 | Build | Farm |
| 9:23 | Create | Villager (Male) |
| 9:55 | Build | Farm |
| 10:16 | Create | Villager (Male) |
| 10:40 | Build | Farm |
| 10:41 | Build | Farm |
| 10:42 | Build | Farm |
| 10:44 | Build | Farm |
| 10:45 | Build | Farm |
| 11:40 | Research | Feudal Age |
| 13:20 | Build | Farm |
| 13:24 | Build | Farm |
| 13:55 | Research | Wheelbarrow |
| 13:58 | Research | Horse Collar |
| 14:04 | Research | Double-Bit Axe |
| 14:13 | Create | Villager (Male) |
| 14:14 | Create | Villager (Male) |
| 14:15 | Create | Villager (Male) |
| 14:39 | Build | House |
| 14:44 | Build | House |
| 14:59 | Build | Market |
| 16:11 | Build | Farm |
| 16:13 | Build | Farm |
| 16:16 | Create | Villager (Male) |
| 16:17 | Create | Villager (Male) |
| 16:36 | Build | Farm |
| 16:59 | Build | Farm |
| 17:04 | Build | Farm |
| 17:35 | Create | Villager (Male) |
| 17:36 | Create | Villager (Male) |
| 18:20 | Create | Villager (Male) |
| 18:26 | Build | House |
| 18:32 | Create | Villager (Male) |
| 18:53 | Research | Castle Age |
| 20:28 | Build | Mining Camp |
| 21:04 | Build | Mining Camp |
| 21:27 | Research | Stone Mining |
| 21:31 | Research | Gold Mining |
| 21:48 | Build | Farm |
| 22:02 | Build | Town Center |
| 22:10 | Build | Town Center |
| 22:20 | Build | Town Center |
| 22:23 | Create | Villager (Male) |
| 22:26 | Research | Hand Cart |
| 22:28 | Research | Heavy Plow |
| 22:46 | Build | Farm |
| 23:10 | Create | Villager (Male) |
| 23:11 | Create | Villager (Male) |
| 23:11 | Create | Villager (Male) |
| 23:11 | Create | Villager (Male) |
| 23:11 | Create | Villager (Male) |
| 23:12 | Create | Villager (Male) |
| 23:12 | Create | Villager (Male) |
| 23:21 | Research | Town Watch |
| 23:49 | Create | Villager (Male) |
| 23:50 | Create | Villager (Male) |
| 23:50 | Create | Villager (Male) |
| 23:50 | Create | Villager (Male) |
| 23:52 | Create | Villager (Male) |
| 23:56 | Create | Villager (Male) |
| 23:57 | Create | Villager (Male) |
| 23:57 | Create | Villager (Male) |
| 23:57 | Create | Villager (Male) |
| 23:57 | Create | Villager (Male) |
| 24:06 | Create | Villager (Male) |
| 24:07 | Create | Villager (Male) |
| 24:40 | Build | Archery Range |
| 24:56 | Create | Villager (Male) |
| 24:57 | Create | Villager (Male) |
| 24:59 | Build | Farm |
| 25:02 | Create | Villager (Male) |
| 25:03 | Create | Villager (Male) |
| 25:04 | Create | Villager (Male) |
| 25:14 | Build | Farm |
| 25:26 | Build | House |
| 25:28 | Build | House |
| 25:29 | Build | House |
| 25:45 | Build | Farm |
| 25:56 | Build | Archery Range |
| 25:59 | Create | Cavalry Archer |
| 25:59 | Create | Cavalry Archer |
| 26:11 | Build | Farm |
| 26:22 | Create | Villager (Male) |
| 26:23 | Create | Villager (Male) |
| 26:23 | Create | Villager (Male) |
| 26:23 | Create | Villager (Male) |
| 26:41 | Create | Villager (Male) |
| 26:42 | Create | Villager (Male) |
| 26:43 | Create | Villager (Male) |
| 26:48 | Create | Cavalry Archer |
| 26:48 | Create | Cavalry Archer |
| 26:48 | Create | Cavalry Archer |
| 27:05 | Build | Farm |
| 27:10 | Build | Farm |
| 27:13 | Build | Farm |
| 27:20 | Build | Farm |
| 27:50 | Build | House |
| 27:53 | Build | House |
| 27:54 | Build | House |
| 28:01 | Build | Blacksmith |
| 28:10 | Create | Villager (Male) |
| 28:11 | Create | Villager (Male) |
| 28:11 | Create | Villager (Male) |
| 28:13 | Create | Villager (Male) |
| 28:13 | Create | Villager (Male) |
| 28:14 | Create | Villager (Male) |
| 28:19 | Create | Villager (Male) |
| 28:19 | Create | Villager (Male) |
| 28:19 | Create | Villager (Male) |
| 28:45 | Build | Castle |
| 29:31 | Create | Cavalry Archer |
| 29:31 | Create | Cavalry Archer |
| 29:31 | Create | Cavalry Archer |
| 29:32 | Create | Cavalry Archer |
| 29:45 | Create | Villager (Male) |
| 29:46 | Create | Villager (Male) |
| 29:53 | Research | Forging |
| 29:58 | Research | Fletching |
| 29:59 | Research | Scale Barding Armor |
| 30:06 | Research | Padded Archer Armor |
| 30:07 | Research | Fletching |
Build order — Burger King
First 150 of 396 actions detected
| 0:30 | Build | House |
| 0:48 | Create | Villager (Male) |
| 0:49 | Create | Villager (Male) |
| 0:49 | Create | Villager (Male) |
| 0:50 | Create | Villager (Male) |
| 0:50 | Create | Villager (Male) |
| 0:56 | Build | House |
| 0:59 | Build | House |
| 1:02 | Build | House |
| 3:14 | Create | Villager (Male) |
| 3:14 | Create | Villager (Male) |
| 3:23 | Create | Villager (Male) |
| 5:16 | Create | Villager (Male) |
| 5:17 | Create | Villager (Male) |
| 5:21 | Create | Villager (Male) |
| 5:21 | Create | Villager (Male) |
| 5:21 | Create | Villager (Male) |
| 5:21 | Create | Villager (Male) |
| 7:29 | Create | Villager (Male) |
| 7:29 | Create | Villager (Male) |
| 7:51 | Build | Dock |
| 7:58 | Create | Villager (Male) |
| 9:01 | Build | Lumber Camp |
| 9:22 | Build | Mill |
| 9:27 | Create | Villager (Male) |
| 9:28 | Create | Villager (Male) |
| 9:28 | Create | Villager (Male) |
| 9:28 | Create | Villager (Male) |
| 9:28 | Create | Villager (Male) |
| 9:32 | Create | Fishing Ship |
| 9:32 | Create | Fishing Ship |
| 17:43 | Build | House |
| 17:47 | Build | House |
| 17:50 | Research | Feudal Age |
| 17:52 | Research | Loom |
| 18:42 | Build | Farm |
| 18:48 | Build | Farm |
| 18:52 | Build | Farm |
| 18:58 | Build | Dock |
| 19:05 | Build | Lumber Camp |
| 19:19 | Build | Mining Camp |
| 19:25 | Build | Farm |
| 20:01 | Age | Feudal Age |
| 20:18 | Create | Fishing Ship |
| 20:19 | Create | Fishing Ship |
| 20:21 | Research | Tech 906 |
| 20:23 | Create | Fishing Ship |
| 20:23 | Create | Fishing Ship |
| 20:39 | Build | Lumber Camp |
| 20:44 | Create | Fishing Ship |
| 20:45 | Create | Fishing Ship |
| 20:45 | Create | Fishing Ship |
| 20:54 | Research | Wheelbarrow |
| 20:57 | Research | Horse Collar |
| 21:02 | Research | Double-Bit Axe |
| 21:07 | Research | Stone Mining |
| 21:08 | Research | Gold Mining |
| 21:53 | Create | Villager (Male) |
| 21:53 | Create | Villager (Male) |
| 22:02 | Build | Mining Camp |
| 22:06 | Research | Town Watch |
| 23:28 | Create | Villager (Male) |
| 23:28 | Create | Villager (Male) |
| 25:13 | Build | Market |
| 25:18 | Build | Blacksmith |
| 25:21 | Create | Villager (Male) |
| 25:21 | Create | Villager (Male) |
| 25:44 | Create | Galley |
| 25:54 | Create | Transport Ship |
| 25:59 | Build | House |
| 26:03 | Build | House |
| 26:06 | Build | House |
| 26:12 | Build | Mining Camp |
| 26:44 | Research | Castle Age |
| 27:00 | Create | Fire Galley |
| 27:03 | Create | Fire Galley |
| 27:04 | Create | Fire Galley |
| 27:21 | Create | Fire Galley |
| 27:22 | Create | Fire Galley |
| 27:22 | Create | Fire Galley |
| 27:49 | Research | Fletching |
| 27:58 | Build | Outpost |
| 28:22 | Build | House |
| 28:32 | Build | House |
| 28:40 | Build | House |
| 29:20 | Build | Mining Camp |
| 29:24 | Age | Castle Age |
| 29:56 | Build | Castle |
| 30:04 | Research | Stone Shaft Mining |
| 30:06 | Research | Bow Saw |
| 30:12 | Research | Hand Cart |
| 30:24 | Research | Bodkin Arrow |
| 30:36 | Build | Town Center |
| 31:00 | Create | Villager (Male) |
| 31:06 | Create | Villager (Male) |
| 31:07 | Create | Villager (Male) |
| 32:12 | Build | Farm |
| 32:20 | Build | Farm |
| 32:31 | Create | Villager (Male) |
| 32:32 | Create | Villager (Male) |
| 32:58 | Build | Outpost |
| 33:12 | Create | Villager (Male) |
| 33:12 | Create | Villager (Male) |
| 33:17 | Create | Villager (Male) |
| 33:17 | Create | Villager (Male) |
| 33:18 | Create | Villager (Male) |
| 33:18 | Create | Villager (Male) |
| 33:39 | Research | Padded Archer Armor |
| 33:49 | Create | Organ Gun |
| 33:49 | Create | Organ Gun |
| 33:50 | Create | Organ Gun |
| 33:50 | Create | Organ Gun |
| 33:50 | Create | Organ Gun |
| 34:03 | Build | Barracks |
| 34:14 | Create | Villager (Male) |
| 34:14 | Create | Villager (Male) |
| 34:47 | Research | Leather Archer Armor |
| 34:54 | Build | Farm |
| 34:58 | Build | Farm |
| 35:03 | Build | Farm |
| 35:07 | Build | Farm |
| 35:10 | Research | Heavy Plow |
| 35:19 | Build | Archery Range |
| 35:23 | Build | Archery Range |
| 35:54 | Create | Villager (Male) |
| 35:54 | Create | Villager (Male) |
| 35:54 | Create | Villager (Male) |
| 35:54 | Create | Villager (Male) |
| 36:01 | Create | Villager (Male) |
| 36:01 | Create | Villager (Male) |
| 36:16 | Create | Organ Gun |
| 36:16 | Create | Organ Gun |
| 36:53 | Create | Archer |
| 36:54 | Create | Archer |
| 36:54 | Create | Archer |
| 36:54 | Create | Archer |
| 36:55 | Create | Archer |
| 37:05 | Build | Archery Range |
| 37:12 | Research | Crossbowman (upgrade) |
| 37:37 | Build | Mining Camp |
| 37:45 | Build | Farm |
| 37:48 | Create | Villager (Male) |
| 37:48 | Create | Villager (Male) |
| 38:05 | Create | Archer |
| 38:05 | Create | Archer |
| 38:05 | Create | Archer |
| 38:05 | Create | Archer |
| 38:06 | Create | Archer |
| 38:16 | Research | Thumb Ring |
| 38:26 | Build | Outpost |
Build order — Professor_DODO
First 150 of 572 actions detected
| 0:02 | Create | Villager (Male) |
| 0:02 | Create | Villager (Male) |
| 0:02 | Create | Villager (Male) |
| 0:11 | Build | House |
| 0:13 | Build | House |
| 0:37 | Create | Villager (Male) |
| 0:37 | Create | Villager (Male) |
| 1:51 | Create | Villager (Male) |
| 2:06 | Build | Lumber Camp |
| 2:46 | Create | Villager (Male) |
| 2:47 | Create | Villager (Male) |
| 3:32 | Create | Villager (Male) |
| 3:32 | Create | Villager (Male) |
| 3:59 | Create | Villager (Male) |
| 3:59 | Create | Villager (Male) |
| 4:51 | Build | Dock |
| 4:55 | Create | Villager (Male) |
| 4:55 | Create | Villager (Male) |
| 4:56 | Create | Villager (Male) |
| 5:30 | Build | House |
| 5:33 | Build | House |
| 6:15 | Build | House |
| 6:31 | Build | Outpost |
| 6:50 | Create | Fishing Ship |
| 7:44 | Build | Outpost |
| 8:02 | Create | Fishing Ship |
| 8:10 | Create | Villager (Male) |
| 8:10 | Create | Villager (Male) |
| 8:10 | Create | Villager (Male) |
| 8:10 | Create | Villager (Male) |
| 8:23 | Build | Mill |
| 8:57 | Build | Dock |
| 9:14 | Create | Fishing Ship |
| 9:53 | Create | Villager (Male) |
| 9:54 | Create | Villager (Male) |
| 10:24 | Build | Lumber Camp |
| 11:24 | Build | Mining Camp |
| 11:25 | Research | Feudal Age |
| 11:27 | Research | Loom |
| 11:39 | Build | Mill |
| 12:30 | Build | Barracks |
| 12:40 | Create | Fishing Ship |
| 12:53 | Create | Fishing Ship |
| 13:08 | Create | Villager (Male) |
| 13:08 | Create | Villager (Male) |
| 13:09 | Create | Villager (Male) |
| 13:35 | Age | Feudal Age |
| 13:38 | Research | Double-Bit Axe |
| 13:42 | Create | Fishing Ship |
| 14:16 | Build | Market |
| 14:20 | Create | Villager (Male) |
| 14:20 | Create | Villager (Male) |
| 15:01 | Build | House |
| 15:14 | Create | Transport Ship |
| 15:37 | Build | House |
| 15:42 | Build | House |
| 15:44 | Create | Villager (Male) |
| 15:44 | Create | Villager (Male) |
| 15:45 | Create | Villager (Male) |
| 15:45 | Create | Villager (Male) |
| 15:54 | Research | Horse Collar |
| 16:27 | Build | Blacksmith |
| 16:36 | Create | Villager (Male) |
| 16:47 | Build | Outpost |
| 16:57 | Create | Villager (Male) |
| 17:18 | Build | Farm |
| 17:35 | Create | Villager (Male) |
| 17:35 | Create | Villager (Male) |
| 17:54 | Create | Fishing Ship |
| 17:59 | Research | Tech 906 |
| 19:15 | Build | Farm |
| 19:28 | Create | Villager (Male) |
| 19:29 | Create | Villager (Male) |
| 19:39 | Build | Lumber Camp |
| 19:57 | Research | Castle Age |
| 20:07 | Build | Mining Camp |
| 20:23 | Build | Farm |
| 20:24 | Build | Farm |
| 20:25 | Build | Farm |
| 20:26 | Build | Farm |
| 20:36 | Create | Villager (Male) |
| 20:36 | Create | Villager (Male) |
| 20:39 | Create | Villager (Male) |
| 20:40 | Create | Villager (Male) |
| 22:37 | Age | Castle Age |
| 22:43 | Research | Gillnets |
| 22:48 | Create | Galley |
| 22:49 | Create | Galley |
| 22:49 | Create | Galley |
| 22:49 | Create | Galley |
| 22:51 | Create | Galley |
| 22:53 | Create | Galley |
| 22:57 | Build | House |
| 22:58 | Build | House |
| 23:00 | Build | House |
| 23:01 | Build | House |
| 23:02 | Build | House |
| 23:04 | Build | House |
| 23:09 | Build | Town Center |
| 23:11 | Create | Villager (Male) |
| 23:11 | Create | Villager (Male) |
| 23:50 | Research | War Galley (upgrade) |
| 24:01 | Research | Fletching |
| 24:09 | Build | Farm |
| 24:11 | Create | Villager (Male) |
| 24:14 | Create | Villager (Male) |
| 24:15 | Create | Villager (Male) |
| 24:15 | Create | Villager (Male) |
| 24:19 | Create | Villager (Male) |
| 24:19 | Create | Villager (Male) |
| 24:20 | Create | Villager (Male) |
| 24:34 | Create | Villager (Male) |
| 24:35 | Create | Villager (Male) |
| 24:35 | Create | Villager (Male) |
| 24:51 | Build | Farm |
| 24:53 | Create | Villager (Male) |
| 24:53 | Create | Villager (Male) |
| 25:02 | Create | Villager (Male) |
| 25:02 | Create | Villager (Male) |
| 25:03 | Create | Villager (Male) |
| 25:03 | Create | Villager (Male) |
| 25:12 | Build | Lumber Camp |
| 25:20 | Build | Farm |
| 25:21 | Build | Farm |
| 25:29 | Build | Farm |
| 25:33 | Build | Farm |
| 25:36 | Build | Farm |
| 25:40 | Build | Farm |
| 25:56 | Research | Bow Saw |
| 26:23 | Research | Bodkin Arrow |
| 26:32 | Build | Farm |
| 26:37 | Create | Villager (Male) |
| 26:38 | Create | Villager (Male) |
| 26:38 | Create | Villager (Male) |
| 26:49 | Build | Farm |
| 26:52 | Build | Farm |
| 26:56 | Build | Farm |
| 26:59 | Create | Villager (Male) |
| 26:59 | Create | Villager (Male) |
| 27:01 | Create | Villager (Male) |
| 27:01 | Create | Villager (Male) |
| 27:09 | Build | Town Center |
| 27:16 | Create | Villager (Male) |
| 27:33 | Build | Stable |
| 27:35 | Build | Stable |
| 27:37 | Build | Stable |
| 27:38 | Build | Stable |
| 27:43 | Build | Stable |
| 27:46 | Create | Villager (Male) |
| 27:47 | Create | Villager (Male) |
Build order — M1ss3dTh3K1ll
First 150 of 524 actions detected
| 0:12 | Create | Villager (Male) |
| 0:12 | Create | Villager (Male) |
| 0:12 | Create | Villager (Male) |
| 0:13 | Create | Villager (Male) |
| 0:13 | Create | Villager (Male) |
| 0:18 | Build | House |
| 0:29 | Build | House |
| 1:35 | Create | Villager (Male) |
| 2:42 | Create | Villager (Male) |
| 2:43 | Create | Villager (Male) |
| 3:19 | Build | Lumber Camp |
| 3:33 | Create | Villager (Male) |
| 3:42 | Build | House |
| 3:47 | Create | Villager (Male) |
| 4:09 | Create | Villager (Male) |
| 4:44 | Create | Villager (Male) |
| 5:12 | Build | Mill |
| 5:20 | Create | Villager (Male) |
| 5:21 | Create | Villager (Male) |
| 5:21 | Create | Villager (Male) |
| 6:03 | Create | Villager (Male) |
| 6:20 | Create | Villager (Male) |
| 6:21 | Create | Villager (Male) |
| 6:34 | Create | Villager (Male) |
| 6:53 | Build | House |
| 6:57 | Create | Villager (Male) |
| 8:13 | Build | Dock |
| 8:25 | Create | Villager (Male) |
| 9:11 | Create | Transport Ship |
| 9:28 | Research | Feudal Age |
| 10:42 | Build | Lumber Camp |
| 10:46 | Create | Villager (Male) |
| 11:25 | Create | Villager (Male) |
| 11:30 | Create | Fishing Ship |
| 11:31 | Create | Fishing Ship |
| 11:43 | Build | House |
| 11:56 | Create | Villager (Male) |
| 12:46 | Build | Mining Camp |
| 13:04 | Create | Fishing Ship |
| 13:20 | Build | Mill |
| 13:26 | Create | Villager (Male) |
| 13:26 | Create | Villager (Male) |
| 13:33 | Build | House |
| 13:44 | Build | House |
| 13:45 | Build | House |
| 13:49 | Build | House |
| 14:48 | Create | Villager (Male) |
| 15:02 | Build | Market |
| 15:11 | Create | Villager (Male) |
| 16:25 | Create | Villager (Male) |
| 16:37 | Build | Blacksmith |
| 17:01 | Research | Castle Age |
| 17:01 | Research | Castle Age |
| 18:41 | Build | Barracks |
| 19:02 | Create | Villager (Male) |
| 19:03 | Create | Villager (Male) |
| 19:28 | Create | Villager (Male) |
| 19:28 | Create | Villager (Male) |
| 19:51 | Build | Town Center |
| 20:11 | Build | Farm |
| 20:47 | Build | Farm |
| 20:56 | Build | Farm |
| 21:01 | Build | Farm |
| 21:12 | Build | Farm |
| 21:12 | Build | Farm |
| 21:13 | Build | Farm |
| 21:14 | Build | Farm |
| 21:15 | Build | Farm |
| 21:19 | Create | Villager (Male) |
| 21:20 | Create | Villager (Male) |
| 21:20 | Create | Villager (Male) |
| 21:20 | Create | Villager (Male) |
| 21:26 | Build | Farm |
| 21:47 | Create | Villager (Male) |
| 21:47 | Create | Villager (Male) |
| 21:48 | Create | Villager (Male) |
| 21:48 | Create | Villager (Male) |
| 21:53 | Build | Farm |
| 22:17 | Build | Farm |
| 22:20 | Build | Farm |
| 22:24 | Create | Villager (Male) |
| 22:24 | Create | Villager (Male) |
| 22:30 | Create | Villager (Male) |
| 22:30 | Create | Villager (Male) |
| 22:35 | Research | Forging |
| 22:36 | Research | Scale Mail Armor |
| 22:40 | Build | Farm |
| 22:44 | Build | Farm |
| 23:06 | Build | Farm |
| 23:13 | Build | Farm |
| 23:23 | Create | Villager (Male) |
| 23:28 | Research | Double-Bit Axe |
| 23:32 | Build | Farm |
| 23:35 | Research | Horse Collar |
| 23:41 | Build | Farm |
| 24:01 | Build | Castle |
| 24:11 | Build | Farm |
| 24:18 | Build | Farm |
| 24:22 | Build | Farm |
| 24:25 | Build | Farm |
| 24:31 | Create | Villager (Male) |
| 24:31 | Create | Villager (Male) |
| 24:36 | Create | Villager (Male) |
| 24:36 | Create | Villager (Male) |
| 24:37 | Create | Villager (Male) |
| 24:37 | Create | Villager (Male) |
| 24:37 | Create | Villager (Male) |
| 25:01 | Build | Farm |
| 25:07 | Build | Farm |
| 25:11 | Create | Villager (Male) |
| 25:11 | Create | Villager (Male) |
| 25:15 | Create | Villager (Male) |
| 25:16 | Create | Villager (Male) |
| 25:31 | Build | Farm |
| 25:37 | Build | Farm |
| 25:49 | Build | House |
| 25:56 | Build | House |
| 26:00 | Build | Farm |
| 26:08 | Create | Teutonic Knight ×7 |
| 26:15 | Build | Farm |
| 26:23 | Build | Lumber Camp |
| 26:27 | Create | Villager (Male) |
| 26:27 | Create | Villager (Male) |
| 26:28 | Create | Villager (Male) |
| 26:28 | Create | Villager (Male) |
| 26:45 | Build | Farm |
| 27:04 | Build | Lumber Camp |
| 27:11 | Build | Farm |
| 27:24 | Create | Villager (Male) |
| 27:24 | Create | Villager (Male) |
| 27:25 | Create | Villager (Male) |
| 27:29 | Create | Villager (Male) |
| 27:29 | Create | Villager (Male) |
| 27:30 | Create | Villager (Male) |
| 27:34 | Build | Farm |
| 27:48 | Build | Lumber Camp |
| 27:53 | Build | Farm |
| 28:07 | Build | Lumber Camp |
| 30:25 | Build | Mining Camp |
| 30:59 | Create | Villager (Male) |
| 30:59 | Create | Villager (Male) |
| 31:00 | Create | Villager (Male) |
| 31:00 | Create | Villager (Male) |
| 31:00 | Create | Villager (Male) |
| 31:01 | Create | Villager (Male) |
| 31:01 | Create | Villager (Male) |
| 31:01 | Create | Villager (Male) |
| 31:08 | Research | Gold Mining |
| 31:09 | Research | Stone Mining |
| 31:13 | Research | Bow Saw |
Build order — c ya1985
First 150 of 513 actions detected
| 0:06 | Build | House |
| 0:08 | Create | Villager (Male) |
| 0:09 | Create | Villager (Male) |
| 0:09 | Create | Villager (Male) |
| 0:09 | Create | Villager (Male) |
| 0:10 | Create | Villager (Male) |
| 0:26 | Build | House |
| 0:30 | Build | House |
| 1:51 | Create | Villager (Male) |
| 1:51 | Create | Villager (Male) |
| 2:23 | Create | Villager (Male) |
| 2:23 | Create | Villager (Male) |
| 2:54 | Create | Villager (Male) |
| 2:54 | Create | Villager (Male) |
| 3:28 | Create | Villager (Male) |
| 3:28 | Create | Villager (Male) |
| 3:54 | Create | Villager (Male) |
| 3:55 | Create | Villager (Male) |
| 4:29 | Create | Villager (Male) |
| 4:29 | Create | Villager (Male) |
| 4:50 | Create | Villager (Male) |
| 4:50 | Create | Villager (Male) |
| 4:51 | Create | Villager (Male) |
| 5:16 | Create | Villager (Male) |
| 5:16 | Create | Villager (Male) |
| 5:28 | Create | Villager (Male) |
| 5:29 | Create | Villager (Male) |
| 6:10 | Create | Villager (Male) |
| 6:11 | Create | Villager (Male) |
| 6:18 | Build | Mill |
| 6:23 | Build | Lumber Camp |
| 6:54 | Create | Villager (Male) |
| 6:54 | Create | Villager (Male) |
| 7:02 | Build | House |
| 7:40 | Research | Feudal Age |
| 8:25 | Build | Dock |
| 10:00 | Create | Transport Ship |
| 10:28 | Create | Villager (Male) |
| 10:28 | Create | Villager (Male) |
| 10:28 | Create | Villager (Male) |
| 10:29 | Create | Villager (Male) |
| 10:29 | Create | Villager (Male) |
| 10:58 | Create | Fishing Ship |
| 10:58 | Create | Fishing Ship |
| 11:23 | Build | Farm |
| 12:36 | Build | Market |
| 13:20 | Research | Castle Age |
| 15:16 | Build | House |
| 15:19 | Build | House |
| 15:21 | Build | House |
| 16:07 | Build | Town Center |
| 16:24 | Build | Lumber Camp |
| 16:28 | Create | Villager (Male) |
| 16:28 | Create | Villager (Male) |
| 16:28 | Create | Villager (Male) |
| 16:28 | Create | Villager (Male) |
| 16:29 | Create | Villager (Male) |
| 16:49 | Build | House |
| 16:53 | Build | House |
| 18:06 | Build | Town Center |
| 18:11 | Create | Villager (Male) |
| 18:11 | Create | Villager (Male) |
| 18:11 | Create | Villager (Male) |
| 18:12 | Create | Villager (Male) |
| 18:12 | Create | Villager (Male) |
| 18:12 | Create | Villager (Male) |
| 18:12 | Create | Villager (Male) |
| 18:37 | Build | Farm |
| 18:38 | Build | Farm |
| 18:38 | Build | Farm |
| 18:38 | Build | Farm |
| 18:39 | Build | Farm |
| 18:40 | Build | Farm |
| 18:41 | Build | Farm |
| 19:23 | Create | Villager (Male) |
| 19:23 | Create | Villager (Male) |
| 19:24 | Create | Villager (Male) |
| 19:58 | Build | Stable |
| 20:09 | Create | Villager (Male) |
| 20:10 | Create | Villager (Male) |
| 20:23 | Build | House |
| 20:27 | Build | House |
| 20:38 | Build | Farm |
| 20:38 | Build | Farm |
| 20:38 | Build | Farm |
| 20:38 | Build | Farm |
| 20:39 | Build | Farm |
| 20:39 | Build | Farm |
| 20:39 | Build | Farm |
| 20:40 | Build | Farm |
| 20:40 | Build | Farm |
| 20:40 | Build | Farm |
| 20:41 | Build | Farm |
| 20:41 | Build | Farm |
| 20:46 | Create | Villager (Male) |
| 20:47 | Create | Villager (Male) |
| 20:47 | Create | Villager (Male) |
| 21:07 | Build | Monastery |
| 21:09 | Create | Scout Cavalry |
| 21:14 | Create | Villager (Male) |
| 21:14 | Create | Villager (Male) |
| 21:53 | Create | Villager (Male) |
| 21:53 | Create | Villager (Male) |
| 21:54 | Create | Villager (Male) |
| 21:54 | Create | Villager (Male) |
| 21:54 | Create | Villager (Male) |
| 22:36 | Build | House |
| 22:38 | Build | House |
| 22:40 | Build | House |
| 22:45 | Build | House |
| 22:46 | Build | House |
| 22:50 | Create | Villager (Male) |
| 22:50 | Create | Villager (Male) |
| 22:50 | Create | Villager (Male) |
| 22:51 | Create | Villager (Male) |
| 22:51 | Create | Villager (Male) |
| 22:51 | Create | Villager (Male) |
| 23:07 | Build | Mining Camp |
| 23:36 | Build | Farm |
| 23:37 | Build | Farm |
| 23:37 | Build | Farm |
| 23:37 | Build | Farm |
| 23:38 | Build | Farm |
| 23:38 | Build | Farm |
| 23:38 | Build | Farm |
| 23:39 | Build | Farm |
| 23:39 | Build | Farm |
| 23:39 | Build | Farm |
| 23:39 | Build | Farm |
| 23:40 | Build | Farm |
| 23:40 | Build | Farm |
| 23:40 | Build | Farm |
| 23:47 | Research | Double-Bit Axe |
| 24:00 | Create | Villager (Male) |
| 24:01 | Create | Villager (Male) |
| 24:01 | Create | Villager (Male) |
| 24:01 | Create | Villager (Male) |
| 24:01 | Create | Villager (Male) |
| 25:03 | Build | Town Center |
| 25:06 | Create | Villager (Male) |
| 25:07 | Create | Villager (Male) |
| 25:07 | Create | Villager (Male) |
| 25:07 | Create | Villager (Male) |
| 25:08 | Create | Villager (Male) |
| 25:08 | Create | Villager (Male) |
| 25:08 | Create | Villager (Male) |
| 25:09 | Create | Villager (Male) |
| 25:28 | Build | Siege Workshop |
| 25:35 | Create | Knight |
| 25:51 | Create | Villager (Male) |
Build order — Thorfinn
First 150 of 899 actions detected
| 0:03 | Create | Villager (Male) |
| 0:04 | Build | House |
| 0:05 | Build | House |
| 0:23 | Create | Villager (Male) |
| 0:23 | Create | Villager (Male) |
| 0:24 | Create | Villager (Male) |
| 1:27 | Create | Villager (Male) |
| 1:52 | Build | Lumber Camp |
| 2:10 | Create | Villager (Male) |
| 2:10 | Create | Villager (Male) |
| 2:10 | Create | Villager (Male) |
| 2:33 | Create | Villager (Male) |
| 2:33 | Create | Villager (Male) |
| 3:00 | Create | Villager (Male) |
| 3:00 | Create | Villager (Male) |
| 3:28 | Create | Villager (Male) |
| 3:28 | Create | Villager (Male) |
| 3:51 | Build | House |
| 4:11 | Create | Villager (Male) |
| 4:12 | Create | Villager (Male) |
| 4:12 | Create | Villager (Male) |
| 5:01 | Create | Villager (Male) |
| 5:01 | Create | Villager (Male) |
| 5:26 | Create | Villager (Male) |
| 5:26 | Create | Villager (Male) |
| 5:34 | Create | Villager (Male) |
| 5:34 | Create | Villager (Male) |
| 5:34 | Create | Villager (Male) |
| 5:40 | Create | Villager (Male) |
| 5:40 | Create | Villager (Male) |
| 5:49 | Create | Villager (Male) |
| 5:49 | Create | Villager (Male) |
| 6:24 | Build | Mill |
| 6:28 | Build | House |
| 6:40 | Create | Villager (Male) |
| 6:46 | Create | Villager (Male) |
| 6:53 | Build | House |
| 7:10 | Create | Villager (Male) |
| 7:48 | Build | Dock |
| 8:11 | Create | Villager (Male) |
| 8:11 | Create | Villager (Male) |
| 8:28 | Create | Villager (Male) |
| 8:58 | Build | House |
| 8:59 | Create | Fishing Ship |
| 8:59 | Create | Fishing Ship |
| 8:59 | Create | Fishing Ship |
| 9:10 | Create | Transport Ship |
| 9:16 | Create | Villager (Male) |
| 9:43 | Build | Mining Camp |
| 9:51 | Create | Villager (Male) |
| 10:10 | Create | Villager (Male) |
| 10:28 | Build | Barracks |
| 10:29 | Build | House |
| 10:36 | Build | Outpost |
| 10:39 | Research | Feudal Age |
| 10:40 | Research | Loom |
| 10:40 | Research | Loom |
| 11:01 | Create | Fishing Ship |
| 11:01 | Create | Fishing Ship |
| 11:32 | Build | Mining Camp |
| 11:55 | Build | Lumber Camp |
| 11:57 | Create | Militia |
| 11:58 | Create | Militia |
| 11:58 | Create | Militia |
| 11:58 | Create | Militia |
| 11:58 | Create | Militia |
| 12:12 | Create | Fishing Ship |
| 12:26 | Create | Villager (Male) |
| 12:26 | Create | Villager (Male) |
| 12:49 | Age | Feudal Age |
| 13:01 | Research | Double-Bit Axe |
| 13:03 | Create | Villager (Male) |
| 13:13 | Research | Horse Collar |
| 13:53 | Create | Militia |
| 13:53 | Create | Militia |
| 13:53 | Create | Militia |
| 13:55 | Create | Militia |
| 13:55 | Create | Militia |
| 14:02 | Build | House |
| 14:08 | Build | House |
| 14:08 | Build | House |
| 14:08 | Build | House |
| 14:09 | Build | House |
| 14:09 | Build | House |
| 14:09 | Build | House |
| 14:23 | Create | Villager (Male) |
| 14:23 | Create | Villager (Male) |
| 14:23 | Create | Villager (Male) |
| 14:57 | Create | Villager (Male) |
| 14:57 | Create | Villager (Male) |
| 15:06 | Build | Farm |
| 15:06 | Build | Farm |
| 15:09 | Build | Farm |
| 15:09 | Build | Farm |
| 15:10 | Build | Farm |
| 15:10 | Build | Farm |
| 15:15 | Create | Villager (Male) |
| 15:15 | Create | Villager (Male) |
| 15:17 | Create | Militia |
| 15:17 | Create | Militia |
| 15:41 | Create | Villager (Male) |
| 15:54 | Create | Demolition Raft |
| 15:54 | Create | Demolition Raft |
| 16:13 | Create | Villager (Male) |
| 16:14 | Create | Villager (Male) |
| 16:23 | Build | Lumber Camp |
| 16:37 | Create | Villager (Male) |
| 16:54 | Build | Farm |
| 16:54 | Build | Farm |
| 16:54 | Build | Farm |
| 16:54 | Build | Farm |
| 16:55 | Build | Farm |
| 16:55 | Build | Farm |
| 16:55 | Build | Farm |
| 16:59 | Create | Villager (Male) |
| 16:59 | Create | Villager (Male) |
| 17:07 | Build | Farm |
| 18:15 | Build | Farm |
| 18:15 | Build | Farm |
| 18:16 | Build | Farm |
| 18:16 | Build | Farm |
| 18:26 | Build | Market |
| 18:37 | Build | Blacksmith |
| 18:43 | Create | Villager (Male) |
| 18:43 | Create | Villager (Male) |
| 18:43 | Create | Villager (Male) |
| 19:08 | Create | Militia |
| 19:08 | Create | Militia |
| 19:09 | Create | Militia |
| 19:09 | Create | Militia |
| 19:09 | Create | Militia |
| 19:13 | Create | Militia |
| 19:18 | Create | Villager (Male) |
| 19:18 | Create | Villager (Male) |
| 19:47 | Research | Gold Mining |
| 19:47 | Research | Stone Mining |
| 19:50 | Create | Villager (Male) |
| 20:01 | Build | House |
| 20:03 | Build | House |
| 20:04 | Build | House |
| 20:16 | Build | House |
| 20:55 | Build | Lumber Camp |
| 21:39 | Research | Castle Age |
| 21:46 | Build | Farm |
| 21:47 | Build | Farm |
| 21:47 | Build | Farm |
| 21:47 | Build | Farm |
| 21:47 | Build | Farm |
| 21:47 | Build | Farm |
| 21:48 | Build | Farm |
Match timeline
| 4:51 | Professor_DODO · first_building Dock |
| 5:11 | Juhlyana13 · first_building Dock |
| 5:29 | SherlockLopez Arg. · first_building Dock |
| 7:46 | F o r k B e a r d · first_building Dock |
| 7:48 | Thorfinn · first_building Dock |
| 7:51 | Burger King · first_building Dock |
| 8:13 | M1ss3dTh3K1ll · first_building Dock |
| 8:25 | c ya1985 · first_building Dock |
| 10:28 | Thorfinn · first_building Barracks |
| 12:30 | Professor_DODO · first_building Barracks |
| 12:49 | Thorfinn · age_up feudal |
| 12:59 | F o r k B e a r d · age_up feudal |
| 13:04 | SherlockLopez Arg. · wall_segment Palisade Wall x8 |
| 13:14 | SherlockLopez Arg. · age_up feudal |
| 13:16 | c ya1985 · first_market_sell 100 wood |
| 13:35 | Professor_DODO · age_up feudal |
| 14:03 | SherlockLopez Arg. · wall_segment Palisade Wall x1 |
| 15:39 | SherlockLopez Arg. · wall_segment Palisade Wall x4 |
| 16:12 | SherlockLopez Arg. · wall_segment Stone Wall x1 |
| 18:13 | F o r k B e a r d · first_building Barracks |
| 18:29 | F o r k B e a r d · age_up castle |
| 18:41 | M1ss3dTh3K1ll · first_building Barracks |
| 19:00 | F o r k B e a r d · first_building Castle |
| 19:23 | Thorfinn · first_market_sell 100 wood |
| 19:23 | Thorfinn · first_market_buy 100 food |
| 19:38 | SherlockLopez Arg. · first_market_buy 100 food |
| 19:58 | c ya1985 · first_building Stable |
| 20:01 | Burger King · age_up feudal |
| 21:07 | c ya1985 · first_building Monastery |
| 22:37 | Professor_DODO · age_up castle |
| 23:03 | SherlockLopez Arg. · first_building Barracks |
| 24:01 | M1ss3dTh3K1ll · first_building Castle |
| 24:15 | Thorfinn · first_building Stable |
| 24:19 | Thorfinn · age_up castle |
| 24:24 | Thorfinn · first_building Siege Workshop |
| 24:32 | SherlockLopez Arg. · age_up castle |
| 24:40 | Juhlyana13 · first_building Archery Range |
| 25:28 | c ya1985 · first_building Siege Workshop |
| 26:20 | Professor_DODO · first_market_buy 100 food |
| 26:36 | F o r k B e a r d · first_building Monastery |
| 26:59 | Thorfinn · first_building Monastery |
| 27:33 | Professor_DODO · first_building Stable |
| 27:43 | SherlockLopez Arg. · first_building Monastery |
| 28:45 | Juhlyana13 · first_building Castle |
| 29:05 | Professor_DODO · first_building Castle |
| 29:23 | SherlockLopez Arg. · first_building Archery Range |
| 29:24 | Burger King · age_up castle |
| 29:34 | F o r k B e a r d · first_building Archery Range |
| 29:56 | Burger King · first_building Castle |
| 30:29 | Professor_DODO · first_market_sell 100 wood |
| 30:35 | c ya1985 · first_building Barracks |
| 30:44 | c ya1985 · first_building Archery Range |
| 30:45 | Juhlyana13 · first_building Stable |
| 31:52 | Thorfinn · first_building Castle |
| 32:04 | SherlockLopez Arg. · age_up imperial |
| 32:22 | M1ss3dTh3K1ll · first_market_sell 100 food |
| 32:49 | F o r k B e a r d · age_up imperial |
| 33:59 | M1ss3dTh3K1ll · wall_segment Stone Wall x7 |
| 34:03 | Burger King · first_building Barracks |
| 34:09 | M1ss3dTh3K1ll · wall_segment Stone Wall x5 |
| 35:19 | Burger King · first_building Archery Range |
| 35:56 | c ya1985 · first_market_buy 100 stone |
| 36:22 | c ya1985 · first_building Castle |
| 36:32 | SherlockLopez Arg. · first_building Castle |
| 39:17 | M1ss3dTh3K1ll · first_building Siege Workshop |
| 41:54 | Professor_DODO · age_up imperial |
| 42:58 | Juhlyana13 · first_market_sell 500 wood |
| 45:00 | F o r k B e a r d · first_building Stable |
| 47:28 | Juhlyana13 · first_building Siege Workshop |
| 49:11 | F o r k B e a r d · first_building Siege Workshop |
| 50:57 | Burger King · first_building Monastery |
| 51:14 | Juhlyana13 · first_building Monastery |
| 52:04 | SherlockLopez Arg. · first_market_sell 500 wood |
| 52:17 | Burger King · age_up imperial |
| 57:44 | F o r k B e a r d · first_market_buy 100 wood |
| 59:04 | Burger King · first_building Siege Workshop |
| 59:13 | SherlockLopez Arg. · wall_segment Stone Wall x12 |
| 59:37 | Thorfinn · age_up imperial |
| 65:21 | Professor_DODO · first_building Siege Workshop |
| 78:23 | Professor_DODO · first_building Monastery |
| 78:50 | F o r k B e a r d · first_market_sell 100 wood |
| 78:58 | F o r k B e a r d · wall_segment Stone Wall x8 |
| 79:03 | M1ss3dTh3K1ll · resign |
| 79:07 | F o r k B e a r d · wall_segment Stone Wall x15 |
[ AI ANALYSIS · 1 CREDIT ]
What really happened in this match?
Wolo.gg analyzes every decision: build order, eco, micro, common mistakes by bracket. Personalized analysis on WhatsApp or Discord in 30 seconds.
Civ guide
Aztecs
Perfil
Jugador #2508552